 Dungeon Sprint DCSS version 0.30-a0-39-g42789b21ef (webtiles) character file.

Game seed: 12560811138226342869

175 mhtbhm the Cudgeller (level 5, -5/57 HPs)
             Began as a Troll Berserker on Aug 28, 2022.
             Was a Priest of Trog.
             Slain by an ogre
             ... wielding a +0 giant spiked club
              (22 damage)
             ... in the Dungeon (Sprint IX: "|||||||||||||||||||||||||||||").
             The game lasted 00:00:08 (140 turns).

mhtbhm the Cudgeller (Troll Berserker)               Turns: 140, Time: 00:00:08

Health: -5/57      AC:  4    Str: 27    XL:     5   Next: 29%
Magic:  4/4        EV: 11    Int:  3    God:    Trog [***...]
Gold:   0          SH:  0    Dex:  9    Spells: 4/4 levels left

rFire   . . .      SeeInvis .    a - +0 mace
rCold   . . .      Faith    .    (no shield)
rNeg    . . .      Spirit   .    b - +0 animal skin
rPois   .          Reflect  .    (helmet restricted)
rElec   .          Harm     .    (no cloak)
rCorr   .          Rampage  .    (gloves unavailable)
Will    .....      NoTele   +    (boots unavailable)
Stlth   +.........               (no amulet)
HPRegen 0.99/turn                (no ring)
MPRegen 0.09/turn                (no ring)

@: on berserk cooldown, slowed, very slow
A: large, unfitting armour, claws 3, regeneration 1, shaggy fur 1, tough skin 1
a: Renounce Religion, Berserk, Trog's Hand


You were in the Dungeon.
You worshipped Trog.
Trog was most pleased with you.
You visited 1 branch

Inventory:

Hand Weapons
 a - a +0 mace (weapon)
Armour
 b - a +0 animal skin (worn)
Scrolls
 h - a scroll of blinking
Potions
 c - a potion of curing
 d - a potion of heal wounds
 e - a potion of haste
 f - 2 potions of magic
 g - a potion of berserk rage


   Skills:
 + Level 5.5 Fighting
 + Level 6.8 Maces & Flails
 + Level 5.5 Dodging


You had 4 spell levels left.
You didn't know any spells.
Your spell library was empty.

Dungeon Overview and Level Annotations

Branches:
Dungeon (1/1)

Altars:


Innate Abilities, Weirdness & Mutations

You are too large for most types of armour.
You have claws for hands.
Your natural rate of healing is unusually fast.
You are covered in fur. (AC +1)
You have tough skin. (AC +1)


Message History

The ogre misses you.
Unknown command.
You sock the ogre!
You kill the ogre!
Trog accepts your kill.
The hound pauses to sniff the ground.
Your Fighting skill increases to level 5!
Your Maces & Flails skill increases to level 6!
Your Dodging skill increases to level 5!
You have reached level 4!
You have reached level 5!
You barely miss the hound. The hound misses you.
You hit the hound.
The hound is moderately wounded.
The hound misses you.
Unknown command.
You sock the hound!
The hound is almost dead.
The hound bites you.
Unknown command.
You hit the hound.
You kill the hound!
Trog accepts your kill.
Unknown command.
The ogre hits you with a +0 giant spiked club!!
* * * LOW HITPOINT WARNING * * *
There is an open door, spattered with blood here.
Things that are here:
a +0 giant club; an ogre corpse; a scorpion corpse Unknown command.
You sock the ogre!
The ogre is moderately wounded.
Unknown command.
You sock the ogre!
The ogre is severely wounded.
You are no longer berserk.
You are exhausted.
You feel yourself slow down.
The ogre hits you with a +0 giant spiked club!!
You die...

▓.▓
▓.▓
▓)▓
▓.▓
▓.▓
▓.▓
▓.▓
▓.▓
▓@▓
▓O▓
▓S▓
▓.▓
▓.▓
▓.▓
▓+▓


You could see an ogre and an adder.

Vanquished Creatures
  An ogre (D)
  A scorpion (D)
  A hound (D)
  A ball python (D)
  An endoplasm (D)
  A giant cockroach (D)
  A goblin (D)
  A kobold (D)
8 creatures vanquished.

Notes
Turn   | Place    | Note
-------+----------+-------------------------------------------
     0 | D        | mhtbhm the Troll Berserker began the quest for the Orb.
     0 | D        | Reached XP level 1. HP: 22/22 MP: 0/0
    12 | D        | Reached skill level 3 in Maces & Flails
    12 | D        | Reached ** piety under Trog
   123 | D        | Noticed a scorpion
   123 | D        | Noticed an ogre
   123 | D        | Noticed a hound
   123 | D        | Noticed an ogre
   129 | D        | Killed a scorpion
   130 | D        | Reached skill level 5 in Maces & Flails
   130 | D        | Reached XP level 2. HP: 32/32 MP: 1/1
   130 | D        | Reached XP level 3. HP: 39/39 MP: 2/2
   133 | D        | Killed an ogre
   133 | D        | Reached *** piety under Trog
   134 | D        | Reached skill level 5 in Fighting
   134 | D        | Reached skill level 6 in Maces & Flails
   134 | D        | Reached skill level 5 in Dodging
   134 | D        | Reached XP level 4. HP: 49/50 MP: 3/3
   134 | D        | Reached XP level 5. HP: 56/57 MP: 4/4
   140 | D        | Slain by an ogre

Illustrated notes

Levels and vault maps discovered:
D:        linesprint [early_d, line_temple, items_1, d_10, items_2, lair_1,
          lair_end, items_3, orc_1, orc_end, items_4, d_15, swamp_1, shoals_1,
          snake_1, spider_1, d_20, vaults_1, items_5, swamp_end, shoals_end,
          snake_end, spider_end, vaults_end, d_27, items_6, zot_1, zot_end,
          crypt_end, forest_end, elf_end, slime_end, tomb_end, abyss_end,
          pan_hell_end]

Skill      XL: |  1  2  3 |
---------------+----------+-----
Maces & Flails | 5 6 |  6.8
Fighting       | 4 5 |  5.5
Dodging        | 4 5 |  5.5

Action                   |  1- 3 |  4- 6 || total
-------------------------+-------+-------++-------
Melee: Mace              |    22 |     6 ||    28
Invok: Berserk           |     1 |       ||     1
Armor: Animal skin       |     9 |       ||     9
Dodge: Dodged            |     8 |     2 ||    10

Table legend: (Time is in decaauts)
 A = Elapsed time spent in this place.
 B = Non-inter-level travel time spent in this place.
 C = Inter-level travel time spent in this place.
 D = Time resting spent in this place.
 E = Time spent auto-exploring this place.
 F = Levels seen in this place.
 G = Mean time per level.
                   A        B        C        D        E       F      G
               +--------+--------+--------+--------+--------+-----+--------+
         Total |    139 |    139 |      0 |    100 |      3 |   1 |  139.0 |
       Dungeon |    139 |    139 |      0 |    100 |      3 |   1 |  139.0 |
               +--------+--------+--------+--------+--------+-----+--------+

Top non-repeatable levels by time:
       D: 139 daAuts
